Unix NetHack Version 5.0.0-0 post-release - last build May  4 2026 22:22:43 (774f63e81ad911689b3a0859ea89b322d5daca8d,branch:main).

Game began 2026-05-10 03:42:27, ended 2026-05-10 03:51:24.

Brudee, neutral female gnomish Archeologist

                                           ---
                                          --@--
                                          |..q.
                                          --...
                                           |...
                                            -...
                                            |..|
                                            ----

Brudee the Digger          St:12 Dx:8 Co:13 In:16 Wi:17 Ch:8  Neutral
Dlvl:6  $:20 HP:0(18) Pw:10(10) AC:9  Xp:2/35 T:997 

Latest messages:
 You are carrying too much to get through.
 You start digging.
 You hit the rock with all your might.
 You make an opening in the wall.
 A board beneath the little dog squeaks an E note loudly.
 You start digging downward.
 You dig a pit in the floor.
 You are still in a pit.
 Really step onto that squeaky board? [yn] (n) n
 You start digging downward.
 You dig a hole through the floor.
 You fall through...
 You start digging downward.
 You hear crashing rock.
 You dig a pit in the floor.
 You hear crashing rock.
 You are still in a pit.
 You crawl to the edge of the pit.
 You plunge into your pit!
 You start digging downward.
 You stop digging.
 You continue digging downward.
 You stop digging.
 You continue digging downward.
 The hobbit thrusts his runed dagger.
 The hobbit hits!
 You stop digging.
 You miss the hobbit.
 You kill the hobbit!
 You are still in a pit.
 You continue digging downward.
 You hear crashing rock.
 You stop digging.
 You continue digging downward.
 The newt bites!
 You stop digging.
 You miss the newt.
 The newt misses!
 You kill the newt!
 You continue digging downward.
 You dig a hole through the floor.
 You fall through...
 You miss the rothe.
 You hit the rothe.
 The rothe hits!
 The rothe bites!
 The rothe bites again!
 You die...
 Do you want your possessions identified? [ynq] (y) y
 Do you want to see your attributes? [ynq] (y) q

Inventory:
 Coins    ('$')
  $ - 20 gold pieces
 Weapons  (')')
  j - 9 +0 crossbow bolts
  a - a +2 bullwhip
  t - a -1 two-handed sword (alternate weapon; not wielded)
 Armor    ('[')
  c - an uncursed +0 fedora (being worn)
  b - an uncursed +0 leather jacket (being worn)
 Comestibles  ('%')
  r - an uncursed veggie sandwich
  n - a cursed cram ration
  d - 4 uncursed food rations
  p - an uncursed fortune cookie
 Scrolls  ('?')
  o - an uncursed scroll of enchant armor
 Spellbooks  ('+')
  l - an uncursed spellbook of light
 Potions  ('!')
  w - an uncursed potion of levitation
 Tools    ('(')
  h - an empty uncursed sack
  i - a magic marker (0:19)
  e - a +0 pick-axe (weapon in right hand)
  s - 7 cursed tallow candles
  f - a tinning kit (0:99)
 Gems/Stones  ('*')
  v - 2 uncursed worthless pieces of green glass
  g - an uncursed touchstone

Brudee the Archeologist's attributes:

Background:
 You were a Digger, a level 2 female gnomish Archeologist.
 You were neutral, on a mission for Camaxtli
 who was opposed by Quetzalcoatl (lawful) and Huhetotl (chaotic).
 You were right-handed.
 You were in the Gnomish Mines, on level 6.
 You entered the dungeon 997 turns ago.
 It was nighttime.
 You had 35 experience points, 5 more were needed to attain level 3.

Basics:
 You had 0 out of 18 hit points.
 You had all 10 energy points (spell power).
 Your armor class was 9.
 Your wallet contained 20 zorkmids.
 Autopickup was on for '$"?+!=/' plus thrown.

Final Characteristics:
 Your strength was 12 (limit:18/50).
 Your dexterity was 8 (limit:18).
 Your constitution was 13 (limit:18).
 Your intelligence was 16 (limit:19).
 Your wisdom was 17 (limit:18).
 Your charisma was 8 (limit:18).

Final Status:
 You weren't hungry.
 You were unencumbered.
 You were wielding a pick-axe.
 You had basic skill with pick-axe.

Final Attributes:
 You were devoutly aligned.
 You had automatic searching.
 You had infravision.
 You were lucky.
 You are dead.

Miscellaneous:
 You didn't encounter any bones levels.
 Total elapsed playing time was 8 minutes and 57 seconds.

Major events:
 Turn
    1: Brudee the neutral female gnomish Archeologist entered the dungeon
  457: entered the Gnomish Mines
  997: killed by a rothe

You didn't know any spells.

Skills:
 Fighting Skills
   bare handed combat [Unskilled]
   two weapon combat  [Unskilled]
   riding             [Unskilled]
 Weapon Skills
   dagger             [Unskilled]
   knife              [Unskilled]
   pick-axe           [Basic]
   short sword        [Unskilled]
   saber              [Unskilled]
   club               [Unskilled]
   quarterstaff       [Unskilled]
   sling              [Unskilled]
   dart               [Unskilled]
   boomerang          [Unskilled]
   whip               [Basic]
   unicorn horn       [Unskilled]
 Spellcasting Skills
   attack spells      [Unskilled]
   healing spells     [Unskilled]
   divination spells  [Unskilled]
   matter spells      [Unskilled]

Voluntary challenges:
 Character rerolling was not enabled.
 You never genocided any monsters.
 You never polymorphed an object.
 You never changed form.
 You used no wishes.
Achievement:
 You entered the Gnomish Mines.

 The Dungeons of Doom: levels 1 to 3
    Level 1:
       A fountain.
    Level 2:
       Some fountains, a grave.
    Level 3:
       A fountain.
       Stairs down to The Gnomish Mines.
 The Gnomish Mines: levels 4 to 6
    Level 4:
    Level 5:
    Level 6: <- You were here.
       Final resting place for
          you, killed by a rothe.


Vanquished creatures:
 an orc zombie
  2 hobbits
  a gnome
  a gnome zombie
  a gecko
  3 jackals
  a fox
  3 kobolds
  a goblin
  2 sewer rats
  5 grid bugs
  a bat
  4 kobold zombies
  5 newts
31 creatures vanquished.

No species were genocided or became extinct.

Game over:
                       ----------
                      /          \
                     /    REST    \
                    /      IN      \
                   /     PEACE      \
                  /                  \
                  |      Brudee      |
                  |      20 Au       |
                  |   killed by a    |
                  |      rothe       |
                  |                  |
                  |                  |
                  |       2026       |
                 *|     *  *  *      | *
        _________)/\\_//(\/(/\)/\//\/|_)_______

Goodbye Brudee the Archeologist...

You died in The Gnomish Mines on dungeon level 6 with 438 points,
and 20 pieces of gold, after 997 moves.
You were level 2 with a maximum of 18 hit points when you died.

